 Dungeon Sprint DCSS version 0.25-b1-37-g2669288c55 (webtiles) character file.

Game seed: 1835794275879018342

12313 Chiseanne the Convoker (level 11, -1/75 HPs)
             Began as a Demonspawn Summoner on June 4, 2020.
             Was an Elder of Fedhas.
             Slain by a lorocyproca (2 damage)
             ... in the Dungeon (Sprint I: "Red Sonja").
             The game lasted 00:25:59 (3415 turns).

Chiseanne the Convoker (Demonspawn Summoner)        Turns: 3415, Time: 00:25:59

Health: -1/75      AC:  9    Str: 14    XL:     11   Next: 60%
Magic:  0/38       EV: 17    Int: 17    God:    Fedhas [****..]
Gold:   1153       SH:  8    Dex: 11    Spells: 28/38 levels left

rFire    . . .     SeeInvis .   a - +3 dagger (drain)
rCold    . . .     Gourm    .   m - +2 buckler
rNeg     . . .     Faith    .   o - +1 leather armour {rPois}
rPois    +         Spirit   +   (helmet restricted)
rElec    .         Reflect  .   j - +0 cloak
rCorr    .         Harm     .   b - +2 pair of gloves {archery}
MR       .....     Rnd*Rage +   h - +0 pair of boots Stlth +++.......NoTele +
                                (no amulet)
HPRegen  0.62/turn              d - ring "Faoxo" {rPois MP+9 Str+6 Dex-2}
MPRegen  0.52/turn              (no ring)

@: berserk cooldown, slowed, very slow
A: horns 1, talons 2, thin skeletal structure 1, camouflage 1, berserk 2, clumsy
1, dopey 2, regeneration 1, screaming 1, magic shield, magic regeneration, magic
link, MP-powered wands
a: Wall of Briars, Grow Ballistomycete, Overgrow, Renounce Religion


You were in the Dungeon.
You worshipped Fedhas.
Fedhas was greatly pleased with you.
You were near starving.

You visited 1 branch You collected 2174 gold pieces.
You spent 1021 gold pieces at shops.

Inventory:

Hand Weapons
 a - a +3 dagger of draining (weapon)
Missiles
 g - 17 poisoned darts
 l - 11 curare-tipped darts (quivered)
Armour
 b - a +2 pair of gloves of archery (worn)
 c - a +0 tower shield
 h - a +0 pair of boots (worn)
 j - a +0 cloak (worn)
 m - a +2 buckler (worn)
 n - a +1 helmet
 o - a +1 leather armour of poison resistance (worn)
Magical Staves
 s - a cursed staff of energy {unknown}
Jewellery
 d - the ring "Faoxo" (left hand) {rPois MP+9 Str+6 Dex-2}
   (You found it in the Dungeon)

   [ring of strength]

   It affects your strength (+6).
   It affects your dexterity (-2).
   It protects you from poison.
   It affects your magic capacity (+9).
Wands
 p - a wand of disintegration (11)
Scrolls
 e - a scroll of identify
 i - a scroll of blinking
 q - a scroll of remove curse
Potions
 f - 2 potions of lignification


   Skills:
 - Level 3.3 Fighting
 * Level 10.8 Dodging
 - Level 1.7 Stealth
 * Level 10.1 Shields
 * Level 14.0 Spellcasting
 * Level 15.4 Summonings
 * Level 14.3 Invocations


You had 28 spell levels left.
You knew the following spells:

 Your Spells              Type           Power        Failure   Level  Hunger
a - Summon Small Mammal   Summ           ####         0%          1    None
b - Call Imp              Summ           ######..     1%          2    None
c - Call Canine Familiar  Summ           ######..     1%          3    None
d - Summon Ice Beast      Ice/Summ       #####...     3%          4    #......

Your spell library contained the following spells:

 Spells                   Type           Power        Failure   Level  Hunger
 Summon Guardian Golem    Hex/Summ       #####...     1%          3    None
 Summon Lightning Spire   Summ/Air       #####...     3%          4    #......
 Sting                    Tmut/Pois      ##..         7%          1    None
 Mephitic Cloud           Conj/Pois/Air  ##......     22%         3    None
 Spider Form              Tmut/Pois      ##........   22%         3    None
 Bolt of Magma            Conj/Fire/Erth ##........   89%         5    ####...
 Ignition                 Fire           ##........   100%        8    #######


Dungeon Overview and Level Annotations

Branches:
Dungeon (1/1)

Altars:
Cheibriados
Dithmenos
Elyvilon
Fedhas
Gozag
Hepliaklqana
Kikubaaqudgha
Makhleb
Nemelex Xobeh
Okawaru
Qazlal
Ru
Sif Muna
Trog
Uskayaw
Vehumet
Wu Jian
Xom
Yredelemnul
Zin
The Shining One
Jiyva
Lugonu

Shops:
D %[*[!%[

Annotations:
D exclusion: door, Tiamat


Innate Abilities, Weirdness & Mutations

You have razor-sharp toenails.
You have a somewhat thin skeletal structure. (Dex +2, Stealth)
When hurt, damage is shared between your health and your magic reserves.
You regenerate magic rapidly.
When low on magic, you restore magic in place of health.
You have a pair of small horns on your head.
Your skin changes colour to match your surroundings (Stealth+).
You often lose your temper in combat.
You are clumsy. (Dex -2)
You are very dopey. (Int -4)
Your natural rate of healing is unusually fast.
You occasionally shout uncontrollably at your foes.
You expend magic power (3 MP) to strengthen your wands.


Message History

You hit something. Something closely misses you.
You hit something. Something hits you!
You feel your power leaking away.
Your leather armour prevents you from hitting something.
You headbutt something! You hit something. Something barely misses you.
You barely miss something. Something hits you!!
* * * LOW HITPOINT WARNING * * *
You feel your power leaking away.
You puncture something! You hit something. You headbutt something!
You block something's attack.
You closely miss something. Something hits you!!
* * * LOW HITPOINT WARNING * * *
You miss something. You miss something. Your headbutt misses something.
You are no longer berserk.
You are exhausted.
You feel yourself slow down. Something hits you.
You die...
Fedhas appreciates your contribution to the ecosystem.

#####
#############################§§.#
.#..'..#..'..#__#f.P.).#((#§§§§'.
.'..#..'..#..'..@{...).##'#§####§
[#####'#####'#__##PP...§§.#§# ##
)####..#...#.####§(#####.§§§# $#
.#__####..##.#§§§§§#§.##○#### .$#
.#_____##'#_.+§§§.§'..#..○..#°.$#
⌠#_.∩...'.)._#≈§≈§.#§.#^.○.§'..$$
##_..__##_†#+##§#####'###.)○#^...
#_____##...[#§§.§###P'.#.°^# #++
#########..P###§###.###.#..##


You could see a friendly oklob plant (summoned), a friendly wandering mushroom
(summoned) and 2 friendly oklob saplings.

Vanquished Creatures
  A centaur warrior (D)
  A lindwurm (D)
  A shining eye (D)
  2 hornets (D)
  A hog (D)
  3 floating eyes (D)
  An ogre (D)
10 creatures vanquished.

Vanquished Creatures (collateral kills)
  A daeva (D)
  4 fire giants (D)
  A deep elf annihilator (D)
  A mummy priest (D)
  A hydra (D)
  A centaur warrior (D)
  Sonja (D)
  A deep troll (D)
  5 unseen horrors (D)
  7 shining eyes (D)
  A merfolk siren (D)
  A gargoyle (D)
  2 kobold demonologists (D)
  A nameless horror (D)
  A hellwing (D)
  4 demonic crawlers (D)
  2 hornets (D)
  A slime creature (D)
  Sigmund (D)
  A yak (D)
  2 redbacks (D)
  12 hogs (D)
  4 floating eyes (D)
  A jelly (D)
  Ijyb (D)
58 creatures vanquished.

Vanquished Creatures (others)
  An oklob plant (D)
  A merfolk siren (D)
  A gargoyle (D)
  A hornet (D)
  4 ballistomycete spores (D)
8 creatures vanquished.

Grand Total: 76 creatures vanquished

Notes
Turn   | Place    | Note
-------+----------+-------------------------------------------
     0 | D        | Chiseanne the Demonspawn Summoner began the quest for the
                  | Orb.
     0 | D        | Reached XP level 1. HP: 13/13 MP: 3/3
     7 | D        | Noticed Ijyb
    58 | D        | Killed Ijyb
    58 | D        | Reached skill level 5 in Summonings
    58 | D        | Gained mutation: When hurt, damage is shared between your
                  | health and your magic reserves. [demonic ancestry]
    58 | D        | Reached XP level 2. HP: 8/19 MP: 2/6
   241 | D        | Learned a level 2 spell: Call Imp
   244 | D        | Noticed an ogre
   257 | D        | Killed an ogre
   257 | D        | Reached skill level 5 in Spellcasting
   257 | D        | Reached skill level 7 in Summonings
   257 | D        | Gained mutation: You have a somewhat thin skeletal
                  | structure. (Dex +2, Stealth) [demonic ancestry]
   257 | D        | Reached XP level 3. HP: 23/24 MP: 0/10
   257 | D        | Reached XP level 4. HP: 29/30 MP: 0/11
   499 | D        | Noticed Sigmund
   555 | D        | Killed Sigmund
   555 | D        | Reached skill level 8 in Summonings
   555 | D        | Reached XP level 5. HP: 35/35 MP: 6/14
   636 | D        | Found an ornate altar of the Wu Jian Council.
   636 | D        | Found a shimmering blue altar of Sif Muna.
   638 | D        | Found a radiant altar of Vehumet.
   715 | D        | Killed a gargoyle
   792 | D        | Found Jesa's Armour Emporium.
   792 | D        | Found an ancient bone altar of Kikubaaqudgha.
   792 | D        | Found a hazy altar of Hepliaklqana.
   792 | D        | Found a stormy altar of Qazlal.
   792 | D        | Found a hide-covered altar of Uskayaw.
   792 | D        | Found a blossoming altar of Fedhas.
   792 | D        | Found a bloodstained altar of Trog.
   792 | D        | Found an iron altar of Okawaru.
   792 | D        | Found a basalt altar of Yredelemnul.
   792 | D        | Found a glowing golden altar of the Shining One.
   792 | D        | Found a snail-covered altar of Cheibriados.
   792 | D        | Found a sacrificial altar of Ru.
   792 | D        | Found a glowing silver altar of Zin.
   792 | D        | Found a shadowy altar of Dithmenos.
   792 | D        | Found a white marble altar of Elyvilon.
   792 | D        | Noticed a yak
   798 | D        | Killed a yak
   798 | D        | Reached skill level 9 in Summonings
   801 | D        | Found an opulent altar of Gozag.
   804 | D        | Found a sparkling altar of Nemelex Xobeh.
   807 | D        | Became a worshipper of Fedhas Madash
   809 | D        | Bought a +0 pair of boots for 54 gold pieces
   809 | D        | Bought a +0 cloak for 54 gold pieces
   809 | D        | Bought a +0 hat for 48 gold pieces
   861 | D        | Learned a level 3 spell: Call Canine Familiar
   866 | D        | Learned a level 4 spell: Summon Ice Beast
   870 | D        | Noticed Sonja
   890 | D        | Killed Sonja
   890 | D        | Reached skill level 10 in Spellcasting
   890 | D        | Reached skill level 11 in Summonings
   890 | D        | Gained mutation: You have sharp toenails. [demonic
                  | ancestry]
   890 | D        | Reached XP level 6. HP: 26/41 MP: 3/19
   890 | D        | Gained mutation: You have razor-sharp toenails. [demonic
                  | ancestry]
   890 | D        | Reached XP level 7. HP: 29/46 MP: 3/20
  1071 | D        | Found Ixtacem's Food Boutique.
  1096 | D        | Noticed a deep troll
  1108 | D        | Killed a deep troll
  1122 | D        | Found Quaferocwo's Armour Emporium.
  1129 | D        | Bought a +2 buckler for 231 gold pieces
  1129 | D        | Bought a +1 helmet for 161 gold pieces
  1129 | D        | Bought a +1 leather armour of poison resistance for 154
                  | gold pieces
  1224 | D        | Noticed a nameless horror
  1233 | D        | Killed a nameless horror
  1306 | D        | Noticed a centaur warrior
  1308 | D        | Noticed a centaur warrior
  1345 | D        | Killed a centaur warrior
  1345 | D        | Reached * piety under Fedhas
  1345 | D        | Reached skill level 12 in Summonings
  1345 | D        | Reached XP level 8. HP: 46/58 MP: 1/22
  1351 | D        | Killed a centaur warrior
  1351 | D        | Reached skill level 5 in Dodging
  1481 | D        | Noticed a hornet
  1489 | D        | Killed a hornet
  1528 | D        | Noticed an oklob plant
  1538 | D        | Reached ** piety under Fedhas
  1538 | D        | Reached XP level 9. HP: 64/64 MP: 24/24
  1574 | D        | Paralysed by a floating eye for 3 turns
  1624 | D        | Found a burning altar of Makhleb.
  1624 | D        | Found a shimmering altar of Xom.
  1625 | D        | Found a viscous altar of Jiyva.
  1625 | D        | Found a corrupted altar of Lugonu.
  1645 | D        | Noticed a kobold demonologist
  1648 | D        | Reached *** piety under Fedhas
  1650 | D        | Noticed a kobold demonologist
  1657 | D        | Noticed a sixfirhy
  1665 | D        | Killed a kobold demonologist
  1665 | D        | Reached skill level 5 in Shields
  1675 | D        | Killed a kobold demonologist
  1675 | D        | Reached skill level 13 in Summonings
  1712 | D        | Noticed a demonic crawler
  1712 | D        | Noticed a demonic crawler
  1712 | D        | Noticed a demonic crawler
  1712 | D        | Noticed a demonic crawler
  1907 | D        | Noticed a shining eye
  1907 | D        | Noticed a shining eye
  1907 | D        | Noticed a shining eye
  1908 | D        | Paralysed by a floating eye for 4 turns
  1914 | D        | Paralysed by a floating eye for 3 turns
  1919 | D        | Paralysed by a floating eye for 3 turns
  1927 | D        | Gained mutation: You are dopey. (Int -2) [a shining eye]
  1929 | D        | Gained mutation: You are clumsy. (Dex -2) [a shining eye]
  1932 | D        | Gained mutation: Your magical capacity is low. (-10% MP) [a
                  | shining eye]
  1933 | D        | Gained mutation: You are frail. (-10% HP) [a shining eye]
  1934 | D        | Gained mutation: You are weak. (Str -2) [a shining eye]
  1936 | D        | Gained mutation: You tend to lose your temper in combat. [a
                  | shining eye]
  1940 | D        | Gained mutation: You occasionally shout uncontrollably at
                  | your foes. [a shining eye]
  1942 | D        | Lost mutation: You are dopey. (Int -2) [a shining eye]
  1946 | D        | Gained mutation: You often lose your temper in combat. [a
                  | shining eye]
  1947 | D        | Killed a shining eye
  1947 | D        | Reached **** piety under Fedhas
  1947 | D        | Gained mutation: You are dopey. (Int -2) [a shining eye]
  1949 | D        | Gained mutation: You are very dopey. (Int -4) [a shining
                  | eye]
  1961 | D        | Killed a shining eye
  1961 | D        | Reached skill level 10 in Invocations
  1980 | D        | Noticed a shining eye
  1980 | D        | Noticed a shining eye
  1980 | D        | Noticed a shining eye
  1994 | D        | Killed a shining eye
  2017 | D        | Killed a shining eye
  2017 | D        | Reached ***** piety under Fedhas
  2025 | D        | Killed a shining eye
  2025 | D        | Gained mutation: You regenerate magic rapidly. [demonic
                  | ancestry]
  2025 | D        | Reached XP level 10. HP: 63/63 MP: 19/23
  2045 | D        | Paralysed by a floating eye for 4 turns
  2048 | D        | Killed a shining eye
  2054 | D        | Noticed a shining eye
  2054 | D        | Noticed a shining eye
  2058 | D        | Lost mutation: You are frail. (-10% HP) [a shining eye]
  2066 | D        | Gained mutation: You are very weak. (Str -4) [a shining
                  | eye]
  2067 | D        | Gained mutation: You expend magic power (3 MP) to
                  | strengthen your wands. [a shining eye]
  2068 | D        | Killed a shining eye
  2069 | D        | Gained mutation: You have an uncontrollable temper. [a
                  | shining eye]
  2073 | D        | Killed a shining eye
  2081 | D        | Found Cueduuh's Antique Armour Shoppe.
  2081 | D        | Found Soirgh's Distillery.
  2081 | D        | Found Buply's Assorted Antiques.
  2081 | D        | Found Rujas's Food Boutique.
  2086 | D        | Bought a pair of runed gloves for 172 gold pieces
  2093 | D        | Bought a fuming pink potion for 23 gold pieces
  2093 | D        | Bought 2 puce potions for 46 gold pieces
  2093 | D        | Bought a scroll labeled POODUL YMUV for 26 gold pieces
  2093 | D        | Bought a scroll labeled OSAETEAXUN for 26 gold pieces
  2093 | D        | Bought a scroll labeled PIPULYNAKK for 26 gold pieces
  2097 | D        | Lost mutation: You are very weak. (Str -4) [potion of
                  | mutation]
  2097 | D        | Lost mutation: You are weak. (Str -2) [potion of mutation]
  2097 | D        | Lost mutation: You have an uncontrollable temper. [potion
                  | of mutation]
  2097 | D        | Lost mutation: Your magical capacity is low. (-10% MP)
                  | [potion of mutation]
  2097 | D        | Gained mutation: You have a pair of small horns on your
                  | head. [potion of mutation]
  2097 | D        | Gained mutation: Your skin changes colour to match your
                  | surroundings (Stealth+). [potion of mutation]
  2097 | D        | Gained mutation: Your natural rate of healing is unusually
                  | fast. [potion of mutation]
  2185 | D        | Reached skill level 14 in Summonings
  2254 | D        | Noticed a gargoyle
  2259 | D        | Killed a gargoyle
  2259 | D        | Reached ****** piety under Fedhas
  2304 | D        | Noticed a lindwurm
  2319 | D        | Killed a lindwurm
  2446 | D        | Noticed a 12-headed hydra
  2452 | D        | Paralysed by a floating eye for 2 turns
  2464 | D        | Killed a 12-headed hydra
  2795 | D        | Noticed a daeva
  2801 | D        | Killed a daeva
  2801 | D        | Gained mutation: When low on magic, you restore magic in
                  | place of health. [demonic ancestry]
  2801 | D        | Reached XP level 11. HP: 70/75 MP: 7/28
  2811 | D        | Identified the Grimoire of Fiery Envenoming
  2838 | D        | Killed an unseen horror
  2845 | D        | Killed an unseen horror
  2851 | D        | Killed an unseen horror
  2857 | D        | Killed an unseen horror
  2871 | D        | Killed an unseen horror
  2906 | D        | Noticed a fire giant
  2911 | D        | Noticed a fire giant
  2912 | D        | Noticed a fire giant
  2913 | D        | Killed a fire giant
  2913 | D        | Reached skill level 10 in Dodging
  2916 | D        | Killed a fire giant
  2916 | D        | Reached skill level 15 in Summonings
  2920 | D        | Killed a fire giant
  2928 | D        | Noticed a fire giant
  2934 | D        | Killed a fire giant
  2965 | D        | Identified the +4 dragonskin cloak
  2965 | D        | Noticed Tiamat
  3012 | D        | Noticed a deep elf annihilator
  3012 | D        | Noticed an oklob plant
  3012 | D        | Noticed a mummy priest
  3018 | D        | Killed an oklob plant
  3019 | D        | Killed a mummy priest
  3019 | D        | Reached skill level 10 in Shields
  3029 | D        | Killed a deep elf annihilator
  3276 | D        | Got a faintly glowing silver ring
  3329 | D        | Identified the ring "Faoxo" {rPois MP+9 Str+6 Dex-2} (You
                  | found it in the Dungeon)
  3413 | D        | HP: 1/112 [something (16)]
  3415 | D        | Slain by a lorocyproca

Illustrated notes

Levels and vault maps discovered:
D:        dungeon_sprint_1 [red_sonja_temple_1, red_sonja_temple_small_1]

Skill      XL: |  1  2  3  4  5  6  7  8  9 10 11 |
---------------+----------------------------------+-----
Spellcasting   | 3 5 7 10 11 12 13 14 | 14.0
Summonings     | 5 7 8 11 12 13 14 15 | 15.4
Fighting       | 3 |  3.3
Dodging        | 4 5 7 9 10 | 10.8
Invocations    | 6 8 10 12 14 | 14.3
Shields        | 2 4 6 8 10 | 10.1
Stealth        | |  1.7

Action                   |  1- 3 |  4- 6 |  7- 9 | 10-12 || total
-------------------------+-------+-------+-------+-------++-------
Melee: Unarmed           |    19 |       |       |       ||    19
       Scythe            |       |     2 |       |       ||     2
       Dagger            |       |       |    60 |    48 ||   108
       Headbutt          |       |       |       |     6 ||     6
Throw: Dart              |       |     1 |     2 |     3 ||     6
 Cast: Summon Small Mamm |     6 |       |       |       ||     6
       Call Imp          |     3 |    20 |    22 |       ||    45
       Call Canine Famil |       |     1 |    10 |     2 ||    13
       Summon Ice Beast  |       |     1 |    11 |     3 ||    15
Invok: Grow Ballistomyce |       |       |     1 |       ||     1
       Overgrow          |       |       |       |     9 ||     9
       Grow Oklob        |       |       |       |     7 ||     7
  Use: Potion            |     3 |     2 |     4 |     5 ||    14
       Scroll            |       |       |       |     6 ||     6
 Stab: Distracted        |     1 |       |       |     2 ||     3
       Confused          |       |       |     1 |       ||     1
       Sleeping          |       |       |     2 |     1 ||     3
  Eat: Ration            |       |       |     2 |     1 ||     3
       Chunk             |       |       |     1 |       ||     1
Armor: Robe              |     2 |     1 |       |       ||     3
       Leather armour    |       |       |    15 |    30 ||    45
Dodge: Dodged            |     8 |     3 |    13 |    26 ||    50
Block: Buckler           |       |       |    19 |    17 ||    36
